 Dungeon Crawl Stone Soup version 0.18.1-48-g4cf74bf (webtiles) character file.

554 Vincendra the Changer (level 7, 0/52 HPs)
             Began as a White Draconian Transmuter on July 10, 2016.
             Was an Initiate of Ru.
             Slain by Vincendra's ghost (19 damage)
             ... on level 6 of the Dungeon.
             The game lasted 00:13:16 (5345 turns).

Vincendra the Changer (White Draconian Transmuter)  Turns: 5345, Time: 00:13:17

Health: 0/52       AC:  2    Str: 12    XL:     7   Next: 8%
Magic:  7/12       EV: 24    Int: 16    God:    Ru [......]
Gold:   220        SH:  0    Dex: 18    Spells: 4 memorised, 2 levels left

rFire  . . .     SeeInvis .       - Unarmed
rCold  . . .     Gourm    .     (armour unavailable)
rNeg   . . .     Faith    .     (shield currently unavailable)
rPois  x         Spirit   .     (helmet currently unavailable)
rElec  .         Dismiss  .     (cloak currently unavailable)
rCorr  .         Reflect  .     (gloves currently unavailable)
SustAt .         Harm     .     (boots currently unavailable)
MR     .....                    (no amulet)
Stlth  ..........               r - +2 ring of intelligence
                                l - +4 ring of evasion

@: spider-form, very slightly contaminated, not resistant to hostile
enchantments, extremely unstealthy
A: (breathe frost), unfitting armour, (cold resistance 0), (cold-blooded), no
stealth, AC +6
a: End Transformation, Renounce Religion


You were on level 6 of the Dungeon.
You worshipped Ru.
Ru was noncommittal.
You were hungry.
You were a venomous arachnid creature.
You visited 1 branch of the dungeon, and saw 6 of its levels.

You collected 220 gold pieces.

Inventory:

Missiles
 a - 45 arrows
Armour
 g - a +0 pair of boots (melded)
 n - a +0 pair of gloves (melded)
Jewellery
 l - a +4 ring of evasion (left front leg)
 r - a +2 ring of intelligence (right front leg)
 v - an uncursed ring of protection from magic
 x - an uncursed ring of fire
Scrolls
 e - a scroll of noise {unknown}
 i - a scroll of teleportation
 p - 3 scrolls of recharging {unknown}
 q - 2 scrolls of remove curse {unknown}
 w - a scroll of immolation {unknown}
Potions
 d - 3 potions of flight
 f - a potion of mutation {unknown}
 h - 3 potions of curing {unknown}
 k - a potion of lignification {unknown}
 o - a potion of berserk rage {unknown}
 s - a potion of haste {unknown}
 t - a potion of invisibility {unknown}
 u - a potion of heal wounds {unknown}
 A - 2 potions of agility {unknown}
 B - a potion of ambrosia {unknown}
Books
 b - a book of Changes

   Spells                             Type                      Level
   a - Beastly Appendage              Transmutation                1
   b - Sticks to Snakes               Transmutation                2
   c - Spider Form                    Transmutation/Poison         3
   d - Ice Form                       Ice/Transmutation            4
   e - Blade Hands                    Transmutation                5
Comestibles
 c - 3 bread rations
 j - 4 meat rations
 z - a slice of pizza


   Skills:
 - Level 1.4 Fighting
 - Level 2.0 Dodging
 - Level 3.2 Unarmed Combat
 + Level 3.9 Spellcasting
 * Level 6.4 Transmutations


You had 2 spell levels left.
You knew the following spells:

 Your Spells              Type           Power        Failure   Level  Hunger
a - Beastly Appendage     Trmt           ###...       6%          1    None
b - Sticks to Snakes      Trmt           ###.....     8%          2    ##.....
c - Spider Form           Trmt/Pois      ##........   32%         3    ###....
d - Blade Hands           Trmt           ###.......   61%         5    ######.


Dungeon Overview and Level Annotations

Branches:
Dungeon (6/15)
 Temple: D:4-7

Altars:
Fedhas
Gozag
Kikubaaqudgha
Makhleb
Nemelex Xobeh
Pakellas
Ru
Vehumet
The Shining One

Annotations:
D:6 Vincendra's ghost, novice MiFi


Innate Abilities, Weirdness & Mutations

((You can breathe waves of freezing cold.))
((You can buffet flying creatures when you breathe cold.))
((Your icy white scales are hard (AC +6).))
Your body does not fit into most forms of armour.
((Your flesh is cold resistant.))
((You are cold-blooded and may be slowed by cold attacks.))
You cannot be stealthy.


Message History

You are very lightly contaminated with residual magic.
Nothing appears to happen.
Casting: Spider Form
Confirm with . or Enter, or press ? or * to list all spells.
You turn into a venomous arachnid creature.
Your +0 pair of gloves melds into your body.
Your +0 pair of boots melds into your body.
Vincendra's ghost misses you. Vincendra's ghost hits you!!
You barely miss Vincendra's ghost. Vincendra's ghost barely misses you.
You hit Vincendra's ghost but do no damage.
Vincendra's ghost barely misses you.
You hit Vincendra's ghost but do no damage.
Vincendra's ghost hits you!
You hit Vincendra's ghost.
Vincendra's ghost is lightly damaged.
Vincendra's ghost completely misses you.
You hit Vincendra's ghost but do no damage.
Vincendra's ghost hits you!!
You die...

#!...............
..................#
?..................
...................
...................
.......<...........
...................
.........=.........
.......?...sW......
...................
...................
...................
...................
...................
...................
...................


You could see Vincendra's ghost.

Vanquished Creatures
  An ogre (D:4)
  A scorpion (D:5)
  A howler monkey (D:4)
  A centaur zombie (D:6)
  4 orc priests
  An orc wizard (D:4)
  A worker ant (D:3)
  A hound skeleton (D:4)
  A worker ant zombie (D:5)
  6 adders
  A howler monkey skeleton (D:5)
  An adder skeleton (D:5)
  A worm (D:3)
  2 giant geckos
  12 orcs
  3 giant cockroaches
  9 goblins
  9 hobgoblins
  6 jackals
  9 kobolds
  4 quokkas
  6 ball pythons
  4 bats
  5 giant newts
  4 rats
94 creatures vanquished.

Vanquished Creatures (collateral kills)
  An orc (D:4)
1 creature vanquished.

Grand Total: 95 creatures vanquished

Notes
Turn   | Place    | Note
--------------------------------------------------------------
     0 | D:1      | Vincendra the Draconian Transmuter began the quest for the Orb.
     0 | D:1      | Reached XP level 1. HP: 16/16 MP: 3/3
   488 | D:1      | Reached XP level 2. HP: 23/23 MP: 5/5
   522 | D:1      | Learned a level 2 spell: Sticks to Snakes
  1342 | D:2      | Reached XP level 3. HP: 25/28 MP: 6/6
  1540 | D:2      | Learned a level 3 spell: Spider Form
  1647 | D:2      | Found a blossoming altar of Fedhas.
  1666 | D:2      | Reached skill level 3 in Transmutations
  2055 | D:2      | Reached XP level 4. HP: 35/35 MP: 8/8
  2481 | D:3      | Reached skill level 4 in Transmutations
  2686 | D:3      | Found a glowing golden altar of the Shining One.
  2686 | D:3      | Found an oddly glowing altar of Pakellas.
  2688 | D:3      | Found a radiant altar of Vehumet.
  2688 | D:3      | Found an ancient bone altar of Kikubaaqudgha.
  2688 | D:3      | Found a sacrificial altar of Ru.
  2689 | D:3      | Found a burning altar of Makhleb.
  2689 | D:3      | Found an opulent altar of Gozag.
  2689 | D:3      | Found a sparkling altar of Nemelex Xobeh.
  2787 | D:3      | Became a worshipper of Ru the Awakened
  3032 | D:3      | Reached XP level 5. HP: 11/40 MP: 6/9
  3648 | D:4      | Noticed an ogre
  3658 | D:4      | Killed an ogre
  3658 | D:4      | Reached skill level 5 in Transmutations
  3837 | D:4      | Reached XP level 6. HP: 44/47 MP: 10/10
  3844 | D:4      | Gained mutation: You cannot be stealthy. [Ru sacrifice]
  4574 | D:4      | Reached skill level 6 in Transmutations
  4673 | D:5      | Entered Level 5 of the Dungeon
  4712 | D:5      | Learned a level 5 spell: Blade Hands
  5124 | D:5      | Your scales start taking on an icy white colour.
  5124 | D:5      | Reached XP level 7. HP: 52/52 MP: 6/12
  5124 | D:5      | Gained mutation: Your flesh is cold resistant. [White Draconian growth]
  5334 | D:6      | Noticed Vincendra's ghost (novice MiFi)
  5345 | D:6      | Slain by Vincendra's ghost

Skill      XL: |  1  2  3  4  5  6 |
---------------+-------------------+-----
Dodging        | 2 |  2.0
Transmutations | 3 4 5 6 |  6.4
Spellcasting   | 3 |  3.9
Fighting       | |  1.4
Unarmed Combat | |  3.2

Action                   |  1- 3 |  4- 6 |  7- 9 || total
-------------------------+-------+-------+-------++-------
Melee: Unarmed           |   154 |   260 |    24 ||   438
       Tailslap          |    12 |    21 |     3 ||    36
       Headbutt          |     3 |       |       ||     3
       Punch             |     1 |     4 |       ||     5
 Cast: Beastly Appendage |     2 |       |       ||     2
       Spider Form       |       |     5 |     1 ||     6
       Sticks to Snakes  |       |     3 |       ||     3
       Blade Hands       |       |     1 |       ||     1
Invok: Sacrifice Stealth |       |     1 |       ||     1
  Use: Scroll            |     4 |     2 |       ||     6
 Stab: Sleeping          |     1 |     1 |       ||     2
       Distracted        |       |     1 |       ||     1
  Eat: Chunk             |     4 |    10 |     1 ||    15
Armor: Skin              |    49 |    51 |     2 ||   102
Dodge: Dodged            |   122 |   212 |    24 ||   358
